 Dungeon Crawl Stone Soup version 0.29-a0-82-g837932c90e (webtiles) character file.

Game seed: 12886138718365798465

61 lordive the Magician (level 4, 0/31 HPs)
             Began as a Djinni Conjurer on Feb 4, 2022.
             Slain by Terence (9 damage)
             ... on level 3 of the Dungeon.
             The game lasted 00:02:15 (2383 turns).

lordive the Magician (Djinni Conjurer)              Turns: 2383, Time: 00:02:16

Health: 0/31       AC:  2    Str:  6    XL:     4   Next: 27%
Gold:   6          EV: 12    Int: 21    God:
                   SH:  0    Dex: 12

rFire   + + .      SeeInvis .   (no weapon)
rCold   x . .      Faith    .   (no shield)
rNeg    . . .      Spirit   .   a - +0 robe
rPois   ∞          Reflect  .   (no helmet)
rElec   .          Harm     .   (no cloak)
rCorr   .          Rampage  .   (no gloves)
Will    .....                   (boots unavailable)
Stlth   ++........              (no amulet)
HPRegen 0.10/turn               (no ring)
MPRegen 0.00/turn               (no ring)

@: flying
A: sickness immunity, fire resistance 2, cold vulnerability 1, float, innate
caster, HP casting, extra vitality 1
a: no special abilities


You were on level 3 of the Dungeon.
You visited 1 branch of the dungeon, and saw 3 of its levels.

You collected 6 gold pieces.

Inventory:

Armour
 a - a +0 robe (worn)
Scrolls
 c - a scroll of blinking {unknown}
 e - 4 scrolls of identify {unknown}
 f - 3 scrolls of enchant armour {unknown}
 j - a scroll of teleportation {unknown}
Potions
 b - a potion of cancellation {unknown}
 d - a potion of curing {unknown}
 g - 3 potions of heal wounds {unknown}
 h - a potion of lignification {unknown}
 i - 3 potions of flight {unknown}


   Skills:
 + Level 2.3 Dodging
 + Level 1.6 Stealth
 + Level 4.3 Spellcasting


You couldn't memorise any spells.
You knew the following spells:

 Your Spells              Type           Power      Damage    Failure   Level
a - Magic Dart            Conj           88%        1d7       1%          1
b - Searing Ray           Conj           44%        2d6       3%          2
c - Dazzling Flash        Conj/Hex       44%        N/A       6%          3
d - Fulminant Prism       Conj/Hex       11%        3d9       19%         4
e - Iskenderun's Mystic   Conj/Tloc      22%        2d6       19%         4
f - Apportation           Tloc           44%        N/A       1%          1
Your spell library was empty.

Dungeon Overview and Level Annotations

Branches:
Dungeon (3/15)

Altars:

Annotations:
D:3 Terence


Innate Abilities, Weirdness & Mutations

You are immune to sickness and miasma.
You are immune to poison.
Your flesh is very heat resistant. (rF++)
You are vulnerable to cold. (rC-)
You float through the air rather than walking.
You learn spells naturally, not from books.
Your magical power is your life essence.
You have superior vitality. (+4 MHP)


Message History

Terence is nearby!
Terence is nearby!
Terence is nearby!
Casting: Magic Dart (safe; 1% risk of failure)
Confirm with . or Enter, or press ? or * to list all spells.
Aiming: Searing Ray (safe; 3% risk of failure)
Press: ? - help, Shift-Dir - straight line, f - Terence
Aim: Terence, wielding a +0 antimagic mace and wearing a +0 chain mail (84% to hit)
The searing ray hits Terence.
Terence is lightly wounded. (Press . to maintain the ray.)
The searing ray hits Terence.
Terence is moderately wounded.
The searing ray hits Terence.
Terence is heavily wounded.
Terence hits you with a +0 antimagic mace.
The searing ray hits Terence but does no damage.
Terence is heavily wounded.
You finish channelling your searing ray.
Terence hits you with a +0 antimagic mace.
Casting: Searing Ray (safe; 3% risk of failure)
Confirm with . or Enter, or press ? or * to list all spells.
Aiming: Searing Ray (safe; 3% risk of failure)
Press: ? - help, Shift-Dir - straight line, f/p - Terence
Aim: Terence, wielding a +0 antimagic mace and wearing a +0 chain mail (heavily wounded, 84% to hit)
The searing ray misses Terence. (Press . to maintain the ray.) Terence hits you with a +0 antimagic mace.
The searing ray hits Terence but does no damage.
Terence is heavily wounded.
Terence hits you with a +0 antimagic mace.
The searing ray hits Terence but does no damage.
Terence is heavily wounded.
Terence hits you with a +0 antimagic mace.
The searing ray hits Terence but does no damage.
Terence is heavily wounded.
* * * LOW HITPOINT WARNING * * *
You finish channelling your searing ray.
Terence hits you with a +0 antimagic mace!
You die...

#......#.###.##
#........# #..#
#.....####
##.## #.....
#..# #.....
##.## ######
#..# ##.# #.#
#@# #@# #..
#... ##..# .>.
#.## .#


You could see Terence.

Vanquished Creatures
  2 adders (D:2)
  A worm (D:2)
  A dart slug (D:1)
  3 endoplasms
  5 giant cockroaches
  3 goblins (D:1)
  3 hobgoblins
  3 jackals (D:2)
  4 kobolds
  3 ball pythons (D:1)
  A bat (D:1)
  3 frilled lizards
  4 rats
36 creatures vanquished.

Vanquished Creatures (others)
  2 plants (D:2)
2 creatures vanquished.

Grand Total: 38 creatures vanquished

Notes
Turn   | Place    | Note
-------+----------+-------------------------------------------
     0 | D:1      | lordive the Djinni Conjurer began the quest for the Orb.
     0 | D:1      | Reached XP level 1. HP: 15/15 MP: 0/0
   194 | D:1      | Found a faded altar of an unknown god.
   302 | D:1      | Reached XP level 2. HP: 18/21 MP: 0/0
   920 | D:1      | Reached XP level 3. HP: 22/25 MP: 0/0
   920 | D:1      | Learned a level 1 spell: Apportation
  1168 | D:2      | Reached skill level 4 in Spellcasting
  1952 | D:2      | Reached XP level 4. HP: 28/31 MP: 0/0
  2375 | D:3      | Noticed Terence
  2383 | D:3      | Slain by Terence

Illustrated notes

Levels and vault maps discovered:
D:1:      dpeg_arrival_stone_temple_mockup, layout_basic,
          shapermc_ecumenical_altar_flowoftime
D:2:      layout_basic, serial_forest, infiniplex_forest_clump_medium,
          infiniplex_forest_clump_small, infiniplex_forest_lined_room_,
          infiniplex_forest_zigzag_2, infiniplex_forest_lined_room_3,
          infiniplex_forest_end_3, infiniplex_forest_clump_tiny, minivault_11,
          kennysheep_flooded_box
D:3:      layout_basic, mainiacjoe_overflow_big_doors, uniq_terence

Skill      XL: |  1  2  3 |
---------------+----------+-----
Spellcasting   | 4 |  4.3
Dodging        | |  2.3
Stealth        | |  1.6

Action                   |  1- 3 |  4- 6 || total
-------------------------+-------+-------++-------
 Cast: Magic Dart        |    50 |    12 ||    62
       Searing Ray       |     2 |     2 ||     4
Armor: Robe              |     1 |       ||     1
Dodge: Dodged            |     3 |     2 ||     5

Table legend: (Time is in decaauts)
 A = Elapsed time spent in this place.
 B = Non-inter-level travel time spent in this place.
 C = Inter-level travel time spent in this place.
 D = Time resting spent in this place.
 E = Time spent auto-exploring this place.
 F = Levels seen in this place.
 G = Mean time per level.
                   A        B        C        D        E       F      G
               +--------+--------+--------+--------+--------+-----+--------+
         Total |   2382 |   2338 |     44 |      0 |   2177 |   3 |  794.0 |
       Dungeon |   2382 |   2338 |     44 |      0 |   2177 |   3 |  794.0 |
               +--------+--------+--------+--------+--------+-----+--------+

Top non-repeatable levels by time:
     D:2: 1255 daAuts
     D:1: 1049 daAuts
     D:3: 77 daAuts
